 Dungeon Crawl Stone Soup version 0.27.1-1-g398f81649c (webtiles) character file.

Game seed: 13086181569041181765

182 greenlake the Skirmisher (level 5, -2/48 HPs)
             Began as a Minotaur Fighter on Sept 11, 2021.
             Slain by a gnoll (3 damage)
             ... on level 3 of the Dungeon.
             The game lasted 00:05:55 (2848 turns).

greenlake the Skirmisher (Minotaur Fighter)         Turns: 2848, Time: 00:05:56

Health: -2/48      AC:  7    Str: 21    XL:     5   Next: 35%
Magic:  4/4        EV:  9    Int:  5    God:
Gold:   119        SH:  0    Dex: 10    Spells: 4/4 levels left

rFire    . . .     SeeInvis .   a - +0 war axe
rCold    . . .     Faith    .   (no shield)
rNeg     . . .     Spirit   .   b - +0 scale mail
rPois    .         Reflect  .   (helmet restricted)
rElec    .         Harm     .   (no cloak)
rCorr    .         Rampage  .   (no gloves)
Will     .....                  (no boots)
Stlth    ..........             (no amulet)
HPRegen  0.16/turn              (no ring)
MPRegen  0.09/turn              (no ring)

@: no status effects
A: horns 2, retaliatory headbutt
a: no special abilities


You were on level 3 of the Dungeon.
You visited 1 branch of the dungeon, and saw 3 of its levels.

You collected 119 gold pieces.

Inventory:

Hand Weapons
 a - a +0 war axe (weapon)
Armour
 b - a +0 scale mail (worn)
 c - a +0 kite shield
Scrolls
 h - a scroll of teleportation {unknown}
 m - a scroll of blinking {unknown}
 n - a scroll of amnesia {unknown}
 p - a scroll of noise {unknown}
 q - a scroll of fog {unknown}
Potions
 d - 2 potions of might
 e - 4 potions of curing {unknown}
 f - a potion of heal wounds {unknown}
 g - 2 potions of attraction {unknown}
 i - a potion of degeneration {unknown}
 j - a potion of lignification {unknown}
 k - a potion of flight {unknown}
 l - a potion of invisibility {unknown}
 o - 3 potions of haste {unknown}


   Skills:
 + Level 5.2 Fighting
 + Level 4.3 Axes
 + Level 5.1 Armour
 - Level 3.6 Shields


You had 4 spell levels left.
You didn't know any spells.
Your spell library contained the following spells:

 Spells                   Type           Power      Damage    Failure   Level
 Animate Skeleton         Necr           0%         N/A       80%         1
 Pain                     Necr           0%         1d4       80%         1
 Slow                     Hex            0%         N/A       90%         2
 Confusing Touch          Hex            0%         N/A       99%         3
 Vampiric Draining        Necr           0%         2d6       99%         3
 Yara's Violent Unravell  Hex/Tmut       0%         3d3       100%        5


Dungeon Overview and Level Annotations

Branches:
Dungeon (3/15)

Altars:
Xom

Annotations:
D:2 1 runed translucent door, Crazy Yiuf


Innate Abilities, Weirdness & Mutations

You have a pair of horns on your head.
You reflexively headbutt those who attack you in melee.


Message History

There is an open door here. 3 gnolls come into view.
The gnoll shouts! x3; You hear a shout!
A gnoll comes into view. It is wielding a +0 halberd.
You slash the gnoll! Your headbutt misses the gnoll.
The gnoll is almost dead.
The gnoll hits you with a +0 spear.
You hit the gnoll.
You kill the gnoll!
You slash the gnoll!
You kill the gnoll!
You hit the gnoll.
The gnoll is lightly wounded.
The gnoll closely misses you. The gnoll hits you with a +0 whip.
You slash the gnoll!
You kill the gnoll!
The gnoll closely misses you.
The gnoll hits you from afar with a +0 halberd.
The gnoll hits you but does no damage.
Items here: ))) ††.
You completely miss the gnoll. You headbutt the gnoll!
The gnoll is heavily wounded.
The gnoll barely misses you.
You hit the gnoll. Your headbutt misses the gnoll.
The gnoll is severely wounded.
The gnoll closely misses you. You furiously retaliate!
You headbutt the gnoll. You closely miss the gnoll.
You headbutt the gnoll, but do no damage.
The gnoll is almost dead.
The gnoll hits you with a +0 halberd!
You barely miss the gnoll. Your headbutt misses the gnoll.
The gnoll is almost dead.
The gnoll hits you with a +0 halberd!
* * * LOW HITPOINT WARNING * * *
The gnoll hits you with a +0 halberd!
* * * LOW HITPOINT WARNING * * *
You barely miss the gnoll.
The gnoll is severely wounded.
The gnoll hits you with a +0 halberd.
You die...

## ... .## #.# #.##
#># ##.###.#
.##.##.######## ###
............... ..#
#.###...###### #.#
.###.....# #####.####
## ##...## #.g@.....#
# ##.## #.###.##.# #
#.# # #.## # #.# #
#..# # ##+## #. ##.#
# # ##...##
#.####.#.# #
##....<## #........#
###.......##
###.##.###
##.........####...#.#


You could see a gnoll.

Vanquished Creatures
  A jelly (D:3)
  Terence (D:2)
  An orc wizard (D:3)
  3 gnolls (D:3)
  2 worms (D:2)
  2 dart slugs (D:2)
  4 orcs (D:3)
  7 endoplasms
  A giant cockroach (D:3)
  5 hobgoblins
  A quokka (D:2)
  6 ball pythons
  5 bats
  3 frilled lizards
  9 goblins
  6 kobolds
  3 rats
60 creatures vanquished.

Vanquished Creatures (others)
  3 fungi (D:2)
3 creatures vanquished.

Grand Total: 63 creatures vanquished

Notes
Turn   | Place    | Note
-------+----------+-------------------------------------------
     0 | D:1      | greenlake the Minotaur Fighter began the quest for the Orb.
     0 | D:1      | Reached XP level 1. HP: 19/19 MP: 0/0
   391 | D:1      | Reached XP level 2. HP: 27/27 MP: 1/1
   412 | D:1      | Found a faded altar of an unknown god.
  1154 | D:2      | Noticed Terence
  1232 | D:2      | Found a runed translucent door.
  1233 | D:2      | Noticed Crazy Yiuf
  1277 | D:2      | Reached XP level 3. HP: 33/33 MP: 2/2
  1327 | D:2      | Killed Terence
  1479 | D:2      | Reached XP level 4. HP: 35/41 MP: 3/3
  2132 | D:3      | Found a shimmering altar of Xom.
  2500 | D:3      | Reached skill level 5 in Fighting
  2500 | D:3      | Reached skill level 5 in Armour
  2500 | D:3      | Reached XP level 5. HP: 18/48 MP: 4/4
  2847 | D:3      | HP: 1/48 [gnoll (11)]
  2848 | D:3      | Slain by a gnoll

Illustrated notes

Levels and vault maps discovered:
D:1:      dpeg_arrival_boxorama, layout_basic,
          ebering_ecumenical_altar_sacrificial, serial_bayou_pond_e
D:2:      layout_rooms, minivault_5, nrook_campfire, uniq_terence,
          uniq_crazy_yiuf_cottage
D:3:      layout_loops_corners, mainiacjoe_overflow_paths, minivault_26,
          lemuel_old_faithful, uniq_natasha

Skill      XL: |  1  2  3  4 |
---------------+-------------+-----
Fighting       | 4 5 |  5.2
Armour         | 4 5 |  5.1
Axes           | 3 4 |  4.3
Shields        | |  3.6

Action                   |  1- 3 |  4- 6 || total
-------------------------+-------+-------++-------
Melee: War axe           |    82 |    40 ||   122
       Headbutt          |    10 |     8 ||    18
Armor: Scale mail        |    51 |    17 ||    68
Dodge: Dodged            |    52 |    11 ||    63
